 Dungeon Crawl Stone Soup version 0.31.0-7-gf635a9b802 (webtiles) character file.

Game seed: 14272336291519717020

581 RancidPinata the Covert (level 7, -2/49 HPs)
             Began as an Octopode Delver on Jan 23, 2024.
             Slain by a lemure (8 damage)
             ... led by Pikel
             ... on level 5 of the Dungeon on Jan 24, 2024.
             The game lasted 00:17:40 (6614 turns).

RancidPinata the Covert (Octopode Delver)           Turns: 6614, Time: 00:17:42

Health: -2/49      AC:  1    Str: 13    XL:     7   Next: 36%
Magic:  7/7        EV: 14    Int: 13    God:
Gold:   325        SH:  0    Dex: 13    Spells: 4/6 levels left

rFire   . . .        h - +7 dagger of Uncomfortable Rashes {flame, *Rage +Blink rCorr}
rCold   . . .        (no shield)
rNeg    + . .        (helmet restricted)
rPois   .            (no amulet)
rElec   .            m - ring of willpower
rCorr   +            B - ring of positive energy
SInv    .            (no ring)
Will    +....        (no ring)
Stlth   +++++        (no ring)
HPRegen 0.28/turn    (no ring)
MPRegen 0.10/turn    (no ring)
                     (no ring)

%: random rage (20%)
@: no status effects
A: almost no armour, amphibious, 8 rings, camouflage 1, gelatinous body 1,
(nimble swimmer 1), tentacles
a: Evoke Blink


You were on level 5 of the Dungeon.
You visited 1 branch of the dungeon, and saw 7 of its levels.

You collected 325 gold pieces.

Inventory:

Hand Weapons
 a - a +0 short sword
 h - the +7 dagger of Uncomfortable Rashes (weapon) {flame, *Rage +Blink rCorr}
   (You found it on level 7 of the Dungeon)

   +Blink:    It lets you blink.
   *Rage:     It berserks you when you make melee attacks (+20% chance).
   rCorr:     It protects you from acid and corrosion.
Missiles
 n - 2 javelins (quivered)
 o - 43 stones
 z - 6 atropa-tipped darts
Jewellery
 j - a ring of fire
 m - a ring of willpower (left tentacle)
 B - a ring of positive energy (right tentacle)
Talismans
 l - a flux talisman
 y - a maw talisman
 A - a dragon-blood talisman
Wands
 f - a wand of digging (3)
 r - a wand of mindburst (14)
Scrolls
 b - 2 scrolls of fog
 c - 2 scrolls of revelation
 d - a scroll of fear
 i - 4 scrolls of identify {unknown}
 k - a scroll of immolation {unknown}
 p - 2 scrolls of vulnerability {unknown}
 s - a scroll of teleportation {unknown}
 u - a scroll of silence {unknown}
 x - a scroll of blinking {unknown}
Potions
 e - a potion of haste
 g - a potion of heal wounds {unknown}
 q - a potion of curing
 t - a potion of ambrosia {unknown}
 v - a potion of cancellation {unknown}
 w - a potion of berserk rage {unknown}


   Skills:
 + Level 4.7 Fighting
 + Level 4.2 Short Blades
 + Level 4.2 Dodging
 + Level 8.6 Stealth


You had 4 spell levels left.
You knew the following spells:

 Your Spells              Type           Power      Damage    Failure   Level
a - Call Imp              Summ           0%         N/A       43%         2

Your spell library contained the following spells:

 Spells                   Type           Power      Damage    Failure   Level
 Magic Dart               Conj           0%         1d3       30%         1
 Blink                    Tloc           0%         N/A       43%         2
 Ensorcelled Hibernation  Hex/Ice        0%         N/A       43%         2
 Sublimation of Blood     Necr           0%         N/A       43%         2
 Passwall                 Erth           0%         N/A       67%         3
 Swiftness                Air            0%         N/A       67%         3
 Summon Hydra             Summ           0%         N/A       100%        7
 Chain Lightning          Conj/Air       0%         N/A       100%        9
 Fire Storm               Conj/Fire      0%         5d1       100%        9
 Shatter                  Erth           0%         3d5*      100%        9


Dungeon Overview and Level Annotations

Branches:
Dungeon (7/15)
 Temple: D:4-7

Altars:
Kikubaaqudgha
Nemelex Xobeh
Qazlal

Annotations:
D:5 Pikel


Innate Abilities, Weirdness & Mutations

You cannot wear most types of armour.
You are amphibious.
You can wear up to eight rings at the same time.
Your skin changes colour to match your surroundings (Stealth+).
Your rubbery body absorbs attacks. (AC +1, EV +1)
((You are camouflaged when in or above water. (Stealth+)))
You have tentacles for arms and can constrict up to eight enemies at once.


Message History

n - 2 javelins The helpless ufetubus fails to defend itself.
You perforate the ufetubus like a sieve!!!
You burn the ufetubus.
You kill the ufetubus!
The helpless ufetubus fails to defend itself.
You stick the ufetubus like a pincushion!!!
You burn the ufetubus!
You kill the ufetubus!
Pikel, Merchant of Souls comes into view.
He is wielding a +2 whip of flaming. 2 lemures come into view.
A lemure comes into view.
Found a trident.
Pikel shouts!
The lemure shouts! x4
Pikel hits you with a +2 whip of flaming!
Pikel burns you.
You closely miss Pikel. You grab Pikel. You squeeze Pikel.
Pikel is lightly wounded.
You constrict Pikel.
Pikel hits you with a +2 whip of flaming.
Pikel burns you. The lemure closely misses you.
You hit Pikel but do no damage.
You tentacle-slap Pikel, but do no damage.
Pikel is lightly wounded.
You constrict Pikel, but do no damage. You hit Pikel but do no damage.
You squeeze Pikel.
Pikel is moderately wounded.
You constrict Pikel.
Pikel hits you with a +2 whip of flaming.
Pikel burns you. The lemure hits you.
* * * LOW HITPOINT WARNING * * *
The lemure hits you!
* * * LOW HITPOINT WARNING * * *
It was a potion of curing.
You feel better.
You constrict Pikel, but do no damage. Pikel misses you. The lemure hits you.
* * * LOW HITPOINT WARNING * * *
The lemure hits you.
* * * LOW HITPOINT WARNING * * *
The lemure hits you!
You die...

## #. .# #. . #. # .# ### #.. ..
..##.##.##.... ... #. ...
...#.#).#........ ... # ...
.......#..............#
##..#.........................# #
#..#....:....K55..............#
###............5@................
..............#5................#
...............##..(............#
.##..............#...............
..#...###>.......................
.....>.##........................
.......................######....
..........###.........## ##....
..#####...# ###........#####.....


You could see Pikel and 4 lemures.

Vanquished Creatures
  Blork the orc (D:5)
  3 hounds (D:5)
  A gnoll bouda (D:4)
  5 iguanas
  10 gnolls
  7 adders
  A white imp (D:5)
  2 ufetubi (D:5)
  A dart slug (D:2)
  2 ribbon worms (D:2)
  3 orcs (D:4)
  8 ball pythons
  8 bats
  9 endoplasms
  3 giant cockroaches
  7 goblins
  8 hobgoblins
  3 jackals (D:1)
  4 quokkas (D:1)
  A frilled lizard (D:1)
  6 kobolds
  4 rats
97 creatures vanquished.

Notes
Turn   | Place    | Note
-------+----------+-------------------------------------------
     0 | D:5      | RancidPinata the Octopode Delver began the quest for the
                  | Orb.
     0 | D:5      | Reached XP level 1. HP: 16/16 MP: 1/1
   113 | D:7      | Identified the +7 dagger of Uncomfortable Rashes {flame,
                  | *Rage +Blink rCorr}
   195 | D:5      | Reached XP level 2. HP: 21/21 MP: 2/2
   272 | D:5      | Reached skill level 7 in Stealth
   272 | D:5      | Reached XP level 3. HP: 26/26 MP: 3/3
   334 | D:5      | Noticed Blork the orc
   693 | D:6      | Learned a level 2 spell: Call Imp
   704 | D:6      | Noticed an ice beast
   752 | D:5      | Noticed a lemure
  1096 | D:5      | Reached XP level 4. HP: 32/32 MP: 4/4
  1209 | D:5      | Found a sparkling altar of Nemelex Xobeh.
  1233 | D:6      | Noticed a vampire
  1292 | D:5      | Reached XP level 5. HP: 37/37 MP: 5/5
  1437 | D:4      | Found a stormy altar of Qazlal.
  1499 | D:4      | Reached XP level 6. HP: 43/43 MP: 6/6
  2196 | D:4      | Reached skill level 8 in Stealth
  3282 | D:3      | Found an ancient bone altar of Kikubaaqudgha.
  4043 | D:2      | Reached XP level 7. HP: 49/49 MP: 7/7
  5725 | D:1      | Found a faded altar of an unknown god.
  6458 | D:5      | Killed Blork the orc
  6605 | D:5      | Noticed Pikel
  6614 | D:5      | Slain by a lemure

Illustrated notes

Levels and vault maps discovered:
D:1:      minmay_arrival_open_corners, layout_basic,
          shapermc_ecumenical_altar_mp_ritualfount
D:2:      layout_loops_corners, serial_co_window_serial, co_window_corner_a,
          co_window_of_opportunity_a, co_window_corner_a,
          co_window_of_opportunity_a, co_window_paths_a,
          co_window_of_opportunity_a, co_window_cross_1, co_window_corner_a,
          co_window_cross_1, co_window_corner_b, co_window_broadway_b,
          co_window_of_opportunity_b, co_window_paths_d, co_window_paths_e,
          glass_columns_c, glass_columns_c, glass_columns_c,
          nicolae_underground_beach
D:3:      layout_loops_corners, mainiacjoe_overflow_surrounded_room
D:4:      layout_basic, grunt_qazlal_sundering, corexii_checkpoint
D:5:      layout_layer_cave, mainiacjoe_overflow_paths, uniq_blork_the_orc,
          uniq_pikel
D:6:      layout_basic, old_standard_altar, uniq_maggie
D:7:      lemuel_ice_spiral_2, layout_basic, ashenzari_conservatory_becter,
          minmay_temple_entry_enclosed_plants, serial_rivers,
          chequers_serial_rivers_small_b, chequers_serial_rivers_small_a,
          chequers_serial_rivers_room_a, chequers_serial_rivers_micro_a,
          chequers_serial_rivers_micro_a

Skill      XL: |  1  2  3  4  5  6  7 |
---------------+----------------------+-----
Stealth        | 7 8 |  8.6
Dodging        | 3 4 |  4.2
Short Blades   | 3 4 |  4.2
Fighting       | 4 |  4.7

Action                     |  1- 3 |  4- 6 |  7- 9 || total
---------------------------+-------+-------+-------++-------
  Melee: Dagger            |    11 |    71 |    60 ||   142
         Constrict         |     4 |    20 |     9 ||    33
         Tentacles         |     3 |    12 |     7 ||    22
         Punch             |       |       |     2 ||     2
  Throw: Javelin           |       |       |     2 ||     2
    Use: Potion            |       |       |     1 ||     1
   Stab: Sleeping          |       |    15 |    17 ||    32
 Armour: Skin              |     9 |    14 |    26 ||    49
  Dodge: Dodged            |     6 |    37 |    22 ||    65
